 Dungeon Crawl Stone Soup version 0.20.0-15-g7f486f2 (webtiles) character file.

173 renl the Insei (level 5, -2/33 HPs)
             Began as an Octopode Transmuter on July 4, 2017.
             Slain by Rem's ghost (4 damage)
             ... on level 3 of the Dungeon.
             The game lasted 00:09:36 (1979 turns).

renl the Insei (Octopode Transmuter)                Turns: 1979, Time: 00:09:37

Health: -2/33      AC:  1    Str:  9    XL:     5   Next: 53%
Magic:  0/8        EV: 14    Int: 16    God:
Gold:   211        SH:  0    Dex: 13    Spells: 4/8 levels left

rFire    . . .     SeeInvis .     - Unarmed
rCold    . . .     Gourm    .   (no shield)
rNeg     . . .     Faith    .   (helmet restricted)
rPois    .         Spirit   +   j - amulet of guardian spirit
rElec    .         Reflect  .   (no ring)
rCorr    .         Harm     .   (no ring)
MR       .....                  (no ring)
Stlth    +++.......             (no ring)
Regen    0.2/turn               (no ring)
MPRegen  0.2/turn               (no ring)
                                (no ring)
                                (no ring)

@: no status effects
A: almost no armour, stealthy swim, amphibious, 8 rings, constrict 8, camouflage
1, gelatinous body 1
a: no special abilities


You were on level 3 of the Dungeon.
You were hungry.

You visited 1 branch of the dungeon, and saw 3 of its levels.

You collected 211 gold pieces.

Inventory:

Missiles
 a - 68 arrows
Jewellery
 j - an amulet of guardian spirit (around mantle)
Wands
 v - a wand of polymorph (13/24)
Scrolls
 d - 3 scrolls of identify {unknown}
 e - 2 scrolls of teleportation {unknown}
 f - 3 scrolls of remove curse {unknown}
 k - a scroll of fear {unknown}
 l - 2 scrolls of recharging {unknown}
 n - a scroll of enchant armour {unknown}
 t - a scroll of amnesia {unknown}
Potions
 g - a potion of flight {unknown}
 i - a potion of might {unknown}
 m - 2 potions of mutation {unknown}
 p - a potion of resistance {unknown}
 s - 2 potions of lignification {unknown}
 u - a potion of heal wounds {unknown}
Books
 b - a book of Changes

   Spells                             Type                      Level
   a - Beastly Appendage              Transmutation                1
   b - Sticks to Snakes               Transmutation                2
   c - Spider Form                    Transmutation/Poison         3
   d - Ice Form                       Ice/Transmutation            4
   e - Blade Hands                    Transmutation                5
Comestibles
 c - a bread ration
 h - 2 royal jellies
 o - 2 fruits
 q - a meat ration
 r - a chunk of flesh


   Skills:
 + Level 1.2 Fighting
 + Level 2.4 Dodging
 + Level 1.9 Stealth
 * Level 5.2 Unarmed Combat
 - Level 2.0 Spellcasting
 * Level 2.7 Transmutations


You had 4 spell levels left.
You knew the following spells:

 Your Spells              Type           Power        Failure   Level  Hunger
a - Beastly Appendage     Tmut           ##....       7%          1    #......
b - Spider Form           Tmut/Pois      #.........   34%         3    ###....


Dungeon Overview and Level Annotations

Branches:
Dungeon (3/15)

Altars:
Nemelex Xobeh

Annotations:
D:3 Rem's ghost, amateur GrFi


Innate Abilities, Weirdness & Mutations

You cannot wear most types of armour.
You are very stealthy in the water. (Stealth+)
You are amphibious.
You can wear up to eight rings at the same time.
You can use your tentacles to constrict eight enemies at once.
Your skin changes colour to match your surroundings (Stealth+).
Your rubbery body absorbs attacks. (AC +1, EV +1)


Message History

You feel sick.
You feel sick.
Your transformation is almost over.
You feel sick.
You feel sick.
Your magical contamination has completely faded away.
You see here a rat corpse.
You butcher the rat corpse.
You feel sick. Rem's ghost hits you!
* * * LOW HITPOINT WARNING * * *
You see here a chunk of flesh.
Your transformation has ended.
You feel sick.
Rem's ghost whispers, "There is no future for you."
You feel sick.
You feel sick.
You are no longer poisoned.
You see here a pair of gloves.
Rem's ghost says, "What's the hurry?
You'll die anyway."
Rem's ghost hits you.
You die...

### #.# ###..##.#
##.....## #.#
#..##.# ##...## ..#
#.....# ##+## ###
##.#### #.######
#.# ######.##...
#.# #.......#.####
#.# #.#....†.....#
#.####.#.......##.#
#.@W.....#...#.##.†
######.####..#.####
#.# #..#.....
#.####..######
#.......# ######.##
#%# #.# ### #.# ##


You could see Rem's ghost.

Vanquished Creatures
  A crimson imp (D:3)
  A hound (D:3)
  Robin (D:3)
  3 adders (D:3)
  2 worms
  2 leopard geckos
  4 giant cockroaches
  14 hobgoblins
  9 kobolds
  2 quokkas
  7 bats
  4 frilled lizards
  8 goblins (D:3)
  7 rats
65 creatures vanquished.

Notes
Turn   | Place    | Note
-------+----------+-------------------------------------------
     0 | D:1      | renl the Octopode Transmuter began the quest for the Orb.
     0 | D:1      | Reached XP level 1. HP: 13/13 MP: 3/3
    80 | D:1      | Reached XP level 2. HP: 15/18 MP: 3/5
   560 | D:2      | Reached skill level 4 in Unarmed Combat
   600 | D:2      | Reached XP level 3. HP: 13/23 MP: 6/6
  1051 | D:2      | Learned a level 3 spell: Spider Form
  1058 | D:2      | Found a sparkling altar of Nemelex Xobeh.
  1406 | D:3      | Reached skill level 1 in Stealth
  1406 | D:3      | Reached XP level 4. HP: 15/28 MP: 7/7
  1597 | D:3      | Reached XP level 5. HP: 21/33 MP: 6/8
  1646 | D:3      | Noticed Robin
  1669 | D:3      | Killed Robin
  1842 | D:3      | Reached skill level 5 in Unarmed Combat
  1932 | D:3      | Noticed Rem's ghost (amateur GrFi)
  1979 | D:3      | Slain by Rem's ghost

Skill      XL: |  1  2  3  4  5 |
---------------+----------------+-----
Unarmed Combat | 4 5 |  5.2
Stealth        | 1 |  1.9
Fighting       | |  1.2
Dodging        | |  2.4
Spellcasting   | |  2.0
Transmutations | |  2.7

Action                   |  1- 3 |  4- 6 || total
-------------------------+-------+-------++-------
Melee: Unarmed           |    79 |    67 ||   146
       Tentacles         |    13 |     2 ||    15
       Constrict         |    20 |     9 ||    29
       Kick              |    11 |     7 ||    18
       Punch             |     1 |     1 ||     2
 Cast: Beastly Appendage |    14 |     5 ||    19
       Spider Form       |     1 |     5 ||     6
 Stab: Sleeping          |     4 |     3 ||     7
  Eat: Chunk             |       |     4 ||     4
Armor: Skin              |     6 |     5 ||    11
Dodge: Dodged            |    55 |    52 ||   107
